[Event "*** Titled Tuesday Blitz"]
[Site "Chess.com"]
[Date "2021.04.27"]
[Round "3"]
[White "MuhittinBuker"]
[Black "rynos0411"]
[Result "1-0"]
[WhiteElo "2190"]
[BlackElo "2486"]
[TimeControl "180+1"]
[EndTime "10:28:34 PDT"]
[Termination "MuhittinBuker won on time"]

1. d4 Nf6 2. c4 g6 3. Nc3 Bg7 4. e4 d6 5. Nf3 O-O 6. Be2 Nc6 7. O-O e5 8. d5 Ne7 9. Ne1 Ne8 10. Nd3 f5 11.
Bd2 Nf6 12. f3 f4 13. c5 g5 14. cxd6 cxd6 15. Nf2 h5 16. h3 Bd7 17. a4 Rf7 18. Qb3 Ng6 19. Rfc1 Bf8 20. Qd1 Rg7 21. Nb5 Nh4 22.
Be1 g4 23. hxg4 hxg4 24. fxg4 Be8 25. Ra3 Nh7 26. Rh3 Ng6 27. Rhc3 Ng5 28. Nc7 Bd7 29.
Nxa8 Qxa8 30. Rc7 Qd8 31. Rxb7 Nh4 32. Rcc7 Kh8 33. Bf3 Bxa4 34. Rxg7 Bxd1 35. Rgd7 Qf6 36. Bxd1 f3 37. g3 Ng2 38. Bd2 Bh6 39. Rb8+ Bf8 40. Rdd8 Nh7 41. g5 Qg6 42. Bxf3 Nf4 43. gxf4 exf4 44. Rxf8+ Nxf8 45. Rxf8+ Kg7 46. Rf5 Qe8 47.
Bxf4 Qb5 48. Bxd6 Kg6 49. Be5 Qb4 50. Bc3 Qc4 51. Kg2 a6 52. Nh3 Qc7 53. Nf4+ Kh7 54. g6+ Kg8 55. Rf8+ Kxf8 56. Ne6+ 1-0

[Event "*** Titled Tuesday Blitz"]
[Site "Chess.com"]
[Date "2021.04.27"]
[Round "3"]
[White "StockholmMissile"]
[Black "PavelChernomordik"]
[Result "1-0"]
[WhiteElo "2600"]
[BlackElo "2378"]
[TimeControl "180+1"]
[EndTime "10:28:35 PDT"]
[Termination "StockholmMissile won on time"]

1. Nf3 g6 2. e4 Bg7 3. d4 d6 4. Bc4 e6 5. Bb3 b6 6. c3 Bb7 7.
Nbd2 Nd7 8. Qe2 Ne7 9. h4 h6 10. Nf1 c5 11. Ng3 Qc7 12. Be3 Nf6 13. Nd2 h5 14. f3 a6 15. a4 Nd7 16. Kf2 O-O 17. f4 e5 18. dxe5 dxe5 19. f5 Nf6 20. Kg1 Ng4 21.
Rf1 Kh7 22. Nf3 Nxe3 23. Qxe3 Bh6 24. Ng5+ Bxg5 25. hxg5 c4 26. Bc2 Qc5 27. Kf2 Rad8 28. Rd1 Nc6 29. Ke2 Qxe3+ 30. Kxe3 b5 31. axb5 axb5 32.
Nxh5 gxh5 33. Rxh5+ Kg7 34. Rdh1 Rg8 35. Bd1 Na5 36.
Rh7+ Kf8 37. Bh5 Rd7 38. g6 Nb3 39. gxf7 Rg3+ 40. Kf2 Rg8 41. fxg8=Q+ Kxg8 42. Rxd7 1-0

[Event "*** Titled Tuesday Blitz"]
[Site "Chess.com"]
[Date "2021.04.27"]
[Round "3"]
[White "StarkAst"]
[Black "Kapibara_Warri0r"]
[Result "0-1"]
[WhiteElo "2492"]
[BlackElo "2223"]
[TimeControl "180+1"]
[EndTime "10:28:35 PDT"]
[Termination "Kapibara_Warri0r won by checkmate"]

1. e4 c5 2. Nc3 d6 3. f4 g6 4. Nf3 Bg7 5. Bc4 e6 6. O-O Ne7 7. d3 O-O 8. Qe1 d5 9. Bb3 Nbc6 10. f5 d4 11. f6 Bxf6 12. e5 dxc3 13. exf6 Nd5 14. Bxd5 exd5 15. Qh4 h5 16. bxc3 d4 17.
cxd4 Nxd4 18. Bb2 Nxc2 19. Qf4 Kh7 20. Ng5+ Kg8 21. Ne6 fxe6 22. Qh6 Rf7 23. Qxg6+ Kf8 24. Qxh5 Ke8 25. Rac1 Ne3 26. Rfe1 Nd5 27. Rxc5 Nxf6 28. Qg6 Ke7 29. Rf5 Qb6+ 30. Kh1 Qxb2 31. Rff1 Bd7 32. Qg5 Rg8 33. Rb1 Qxb1 34. Qf4 Qb6 35. g3 Bc6+ 36. Rf3 Bxf3+ 37. Qxf3 Qb1+ 38. Kg2 Qb6 39. Qf4 Qc6+ 40. Kh3 Rh7+ 41. Qh4 Rxh4+ 42. gxh4 Qf3# 0-1

[Event "*** Titled Tuesday Blitz"]
[Site "Chess.com"]
[Date "2021.04.27"]
[Round "3"]
[White "miredenizdogan"]
[Black "Ibrayevnb"]
[Result "0-1"]
[WhiteElo "2235"]
[BlackElo "2466"]
[TimeControl "180+1"]
[EndTime "10:28:35 PDT"]
[Termination "Ibrayevnb won by resignation"]

1. d4 Nf6 2. c4 e6 3. Nf3 c5 4. d5 d6 5. Nc3 exd5 6. cxd5 g6 7.
a4 Bg7 8. h3 O-O 9. Bf4 Nh5 10.
Bh2 f5 11. e3 f4 12. exf4 Nxf4 13. Bxf4 Rxf4 14. Be2 Na6 15. Qd2 Qf6 16. O-O Nb4 17.
Rae1 Bd7 18. Nh2 Rf8 19. Bg4 Bxg4 20. Nxg4 Qd4 21. Qe2 h5 22. Qe6+ Kh7 23. Ne3 R8f6 24. Qe7 Nd3 25. Nb5 Qxa4 26. Nc3 Qb4 27. Re2 Nxb2 28.
Na2 Qa3 29. Nc1 Nd3 30. Nxd3 Qxd3 31. Rb2 b5 32. Qxa7 Rf7 33. Qa2 Bxb2 34. Qxb2 Rxf2 35. Rxf2 Qxe3 36. Kf1 Qxf2+ 37. Qxf2 Rxf2+ 38. Kxf2 Kg7 39. Ke3 Kf6 40. Ke4 b4 41. g3 g5 42. g4 h4 43.
Ke3 Ke5 44. Kd3 0-1

[Event "*** Titled Tuesday Blitz"]
[Site "Chess.com"]
[Date "2021.04.27"]
[Round "3"]
[White "VladimirBugayev"]
[Black "Alliswell998"]
[Result "0-1"]
[WhiteElo "2248"]
[BlackElo "2439"]
[TimeControl "180+1"]
[EndTime "10:28:35 PDT"]
[Termination "Alliswell998 won on time"]

1. e4 c5 2. Nc3 a6 3. g3 b5 4. Bg2 Bb7 5. Nh3 e6 6. d3 g6 7. O-O Bg7 8. f4 Ne7 9. Be3 d6 10. Qd2 Nbc6 11. Rae1 Qc7 12. f5 b4 13. f6 Bxf6 14.
Rxf6 bxc3 15. Qxc3 Ne5 16. Ref1 O-O-O 17. d4 cxd4 18.
Bxd4 Qxc3 19. Bxc3 N7c6 20. Ng5 Rhe8 21. Nxf7 Rd7 22.
Ng5 h6 23. Rxe6 Rg8 24. Nf3 Ng4 25. Bh3 h5 26. Nh4 g5 27. Nf5 Kb8 28. Rd1 d5 29.
exd5 Nd8 30. Re7 Rxe7 31. Nxe7 Re8 32. d6 Ne3 33. Re1 Nc4 34. Bd7 Rf8 35. Be6 Nxd6 36.
Ng6 Re8 37. Bd7 Rg8 38. Be5 Rxg6 39. Bf5 Rh6 40. Rd1 Nf7 41. Bc3 Ka8 42. Bd3 Re6 43. Rf1 Ne5 44. Rf8+ Nc8 45. Bf5 Ng6 46. Rxc8+ Bxc8 0-1

[Event "*** Titled Tuesday Blitz"]
[Site "Chess.com"]
[Date "2021.04.27"]
[Round "3"]
[White "Sjakkerntobi"]
[Black "Grandmaster1369"]
[Result "1-0"]
[WhiteElo "2389"]
[BlackElo "2582"]
[TimeControl "180+1"]
[EndTime "10:28:37 PDT"]
[Termination "Sjakkerntobi won by resignation"]

1. e4 c5 2. Nf3 d6 3. d4 cxd4 4. Qxd4 a6 5. c4 Nc6 6. Qd2 g6 7. Nc3 Bg4 8. Nd4 Bh6 9. Qd3 Nb4 10. Qb1 e5 11. Nc2 Nxc2+ 12. Qxc2 Bxc1 13. Rxc1 Nf6 14. Be2 Be6 15. O-O Rc8 16. b3 Qa5 17. Rfd1 Qc7 18. Qd2 O-O 19. Qxd6 Qa5 20. Qd2 Rfd8 21. Qe3 Qa3 22.
Qg5 Nd7 23. Bg4 h6 24. Qh4 Bxg4 25. Qxg4 Nf6 26. Qg3 Re8 27. Qf3 Kg7 28. h3 h5 29.
Qe3 Rcd8 30. Rxd8 Rxd8 31. Nd5 Nxe4 32. Re1 f5 33. f3 Qc5 34. fxe4 Qxe3+ 35. Rxe3 f4 36.
Rd3 b5 37. Nxf4 Ra8 38. Nd5 bxc4 39. bxc4 Rb8 40. Rd1 Rb2 41. Rc1 Rxa2 42. c5 Re2 43. c6 Rc2 44. Rxc2 1-0

[Event "*** Titled Tuesday Blitz"]
[Site "Chess.com"]
[Date "2021.04.27"]
[Round "3"]
[White "HanSchut"]
[Black "Love_craft"]
[Result "0-1"]
[WhiteElo "2291"]
[BlackElo "2554"]
[TimeControl "180+1"]
[EndTime "10:28:37 PDT"]
[Termination "Love_craft won on time"]

1. e4 g6 2. d4 Bg7 3. Nc3 d6 4. f4 a6 5. Nf3 b5 6. e5 Bb7 7. Bd3 e6 8. Qe2 Ne7 9. Be4 Bxe4 10. Nxe4 Nf5 11. O-O Nd7 12. g4 Nh4 13. Nxh4 Qxh4 14.
exd6 Bxd4+ 15. Kg2 cxd6 16. Nxd6+ Ke7 17. Rd1 Bg7 18.
c3 h5 19. g5 Qg4+ 20. Kf1 Qxe2+ 21. Kxe2 Rhd8 22. Be3 Kf8 23. Nb7 Ke8 24. Nxd8 Rxd8 25. Rd2 Rc8 26. Rad1 Nb8 27. Bb6 Nc6 28. Rd7 e5 29.
Kf3 exf4 30. Kxf4 Be5+ 31. Kf3 Bxh2 32. Rb7 Kf8 33. Bc5+ Ke8 34. Re1+ Ne5+ 35. Kg2 Rxc5 36. Kxh2 Kf8 37. Rf1 Kg7 38. Kh3 Rd5 39. Kg2 Kg8 40.
Rf2 h4 41. Re7 Nd3 42. Rfxf7 Rxg5+ 0-1

[Event "*** Titled Tuesday Blitz"]
[Site "Chess.com"]
[Date "2021.04.27"]
[Round "3"]
[White "stolencandy13"]
[Black "jraosam"]
[Result "1-0"]
[WhiteElo "2482"]
[BlackElo "1862"]
[TimeControl "180+1"]
[EndTime "10:28:37 PDT"]
[Termination "stolencandy13 won by checkmate"]

1. d4 d5 2. Bf4 Nf6 3. Nf3 c5 4. e3 Nc6 5. Nc3 a6 6. Bd3 e6 7. O-O Be7 8. Ne5 O-O 9. Bg5 cxd4 10. Nxc6 bxc6 11. exd4 h6 12. Bf4 c5 13. dxc5 Bxc5 14. Qf3 Re8 15. Rfe1 Bd6 16. Bxd6 Qxd6 17. Rad1 Rb8 18. b3 Qb4 19. Ne2 e5 20. c3 Qa5 21.
Bb1 Bb7 22. h3 Qc7 23. Qg3 Ne4 24. Bxe4 dxe4 25. c4 f5 26. Nc3 Qa5 27. Rd7 g5 28.
Red1 Bc8 29. R7d5 f4 30. Rxa5 fxg3 31. fxg3 Bb7 32. Nd5 Kf7 33. Rf1+ Kg7 34. Rc5 Rbc8 35. Rxc8 Rxc8 36. Ne3 Rd8 37. Rd1 Rd3 38. Kf2 Kf6 39. h4 h5 40. Ke2 Rxd1 41. Nxd1 gxh4 42. gxh4 Kf5 43. Ne3+ Kf4 44. Kf2 Bc6 45. g3# 1-0

[Event "*** Titled Tuesday Blitz"]
[Site "Chess.com"]
[Date "2021.04.27"]
[Round "3"]
[White "gurelediz"]
[Black "Sanan_Sjugirov"]
[Result "1/2-1/2"]
[WhiteElo "2683"]
[BlackElo "2972"]
[TimeControl "180+1"]
[EndTime "10:28:39 PDT"]
[Termination "Game drawn by agreement"]

1. e4 c6 2. d4 d5 3. Nc3 dxe4 4. Nxe4 Nf6 5. Nxf6+ exf6 6. Bc4 Bd6 7. Qe2+ Qe7 8.
Qxe7+ Kxe7 9. Ne2 Be6 10. Bd3 Rd8 11. O-O Kf8 12. c3 c5 13. Be3 Nc6 14. dxc5 Bxh2+ 15. Kxh2 Rxd3 16. Nf4 Rd7 17. Rfd1 Rad8 18. Rxd7 Rxd7 19.
b4 Bc4 20. a4 a6 21. Re1 f5 22. Ne2 f6 23. Nd4 Nxd4 24. Bxd4 Kf7 25. Rb1 f4 26. b5 axb5 27. axb5 Ke6 28. c6 bxc6 29. bxc6 Rc7 30.
Rb7 Kd6 31. Rxc7 Kxc7 32. Bc5 Kxc6 33. Bf8 g6 34. Bg7 f5 35. Bh6 f3 36. gxf3 Kd5 37.
Kg3 Ke5 38. Bg7+ Ke6 39. f4 Kd5 40. f3 Be2 41. Kf2 Bd1 42. Bf6 Kc4 43. Ke3 Ba4 44. Bg7 Bc6 45. Bf6 Kb3 46. Bg7 Kc2 47.
c4 Kd1 48. Kf2 Kd2 49. c5 Kd3 50. Bf6 Kc4 51. Be7 Kd4 52. Bd6 Kd5 53. Kg3 Ke6 54. Be5 Kf7 55. Bd6 Kg7 56. Bc7 Kh6 57. Bd8 Kg7 58. Be7 Kf7 1/2-1/2

[Event "*** Titled Tuesday Blitz"]
[Site "Chess.com"]
[Date "2021.04.27"]
[Round "3"]
[White "Thjop"]
[Black "The_Machine04"]
[Result "0-1"]
[WhiteElo "2678"]
[BlackElo "2449"]
[TimeControl "180+1"]
[EndTime "10:28:39 PDT"]
[Termination "The_Machine04 won on time"]

1. e4 d6 2. d4 Nf6 3. Nc3 e5 4. Nf3 Nbd7 5. Bc4 Be7 6. a4 c6 7. O-O h6 8. Re1 Qc7 9. a5 Nf8 10. d5 Ng6 11. h3 O-O 12. Bb3 a6 13. Be3 c5 14. Nd2 Nh7 15. Bc4 f5 16. exf5 Bxf5 17. Nde4 Nf6 18. Bd3 Nxe4 19. Bxe4 Qd7 20. Qh5 Kh7 21.
Rab1 Rac8 22. Bxf5 Rxf5 23. Qg4 Rcf8 24. b4 cxb4 25.
Rxb4 Qc8 26. Qc4 Bh4 27. Qxc8 Rxc8 28. Ne4 Rxc2 29. Rxb7 Ra2 30. g3 Be7 31. Rc1 Rxa5 32. Rcc7 Rxd5 33. Rxe7 Nxe7 34. Rxe7 Rd1+ 35. Kg2 d5 36. g4 Rf8 37. Ng3 d4 38. Rd7 Rb1 39. Bd2 Rb2 40. Ne4 a5 41. Bxa5 Rf4 42. Nd2 Rb5 43.
Ra7 Rf6 44. f3 Rb2 0-1

[Event "*** Titled Tuesday Blitz"]
[Site "Chess.com"]
[Date "2021.04.27"]
[Round "3"]
[White "kubal123"]
[Black "Savagelittlemole"]
[Result "1-0"]
[WhiteElo "2286"]
[BlackElo "2529"]
[TimeControl "180+1"]
[EndTime "10:28:40 PDT"]
[Termination "kubal123 won by resignation"]

1. e4 c5 2. Nf3 d6 3. d4 cxd4 4. Qxd4 Nf6 5. Nc3 Nc6 6. Bb5 Bd7 7. Bxc6 Bxc6 8. Bg5 e5 9. Qd2 h6 10. Bxf6 Qxf6 11.
O-O Be7 12. Rad1 O-O 13. g3 Rac8 14. Nh4 Rfd8 15. Nf5 Bf8 16. Ne3 Qf3 17. Qd3 g6 18.
Rd2 f5 19. Ned5 Qxd3 20. cxd3 Kf7 21. f4 Ke6 22. Ne3 Bg7 23. Ncd5 exf4 24. Nxf4+ Kf7 25. exf5 gxf5 26. Nxf5 Bh8 27. Re2 Re8 28. Nxd6+ Kg8 29. Rxe8+ Rxe8 30. Nxe8 Bd4+ 31. Rf2 Bxe8 32. Kf1 Bxf2 33.
Kxf2 Bf7 34. b3 Kg7 35. Ke3 Kf6 36. Kd4 Kf5 37. Kc5 Kg4 38. Kd6 h5 39. Ke7 Bg8 40.
d4 h4 41. d5 hxg3 42. hxg3 Kxg3 43. d6 Kxf4 44. d7 1-0

[Event "*** Titled Tuesday Blitz"]
[Site "Chess.com"]
[Date "2021.04.27"]
[Round "3"]
[White "DarZay"]
[Black "bricolageur"]
[Result "1-0"]
[WhiteElo "2177"]
[BlackElo "2314"]
[TimeControl "180+1"]
[EndTime "10:28:40 PDT"]
[Termination "DarZay won by checkmate"]

1. e4 e5 2. Nf3 Nc6 3. Bc4 Nf6 4. d3 h6 5. c3 d6 6. h3 g5 7. Be3 Bg7 8. Nbd2 O-O 9. b4 Ne7 10. Nh2 d5 11. exd5 Nfxd5 12. h4 Nxc3 13. Qh5 b5 14. Bb3 Qxd3 15. hxg5 hxg5 16. Bxg5 Nf5 17. Nhf1 Nd4 18. Ng3 Bb7 19. Rh3 Nxb3 20. axb3 Qg6 21. Qh4 Bxg2 22.
Rh2 Bb7 23. Rc1 e4 24. Nh5 Nd5 25. Rc5 f6 26. Nxg7 Qxg7 27. Bh6 Qg1+ 28. Nf1 Rf7 29. Rh3 Qg6 30. Rg3 Qxg3 31. Qxg3+ Kh7 32. Qh4 Kg6 33.
Ne3 Rh7 34. Nxd5 Rxh6 35. Ne7+ Kh7 36. Qg4 Re8 37. Rxc7 Kh8 38. Rxb7 Rh1+ 39. Ke2 Rh7 40. Ng6+ Kg8 41. Ne5+ Kh8 42. Rxh7+ Kxh7 43. Qg6+ Kh8 44. Nf7# 1-0

[Event "*** Titled Tuesday Blitz"]
[Site "Chess.com"]
[Date "2021.04.27"]
[Round "3"]
[White "ArjunErigaisi2003"]
[Black "Kretov_Evgenij"]
[Result "0-1"]
[WhiteElo "2860"]
[BlackElo "2658"]
[TimeControl "180+1"]
[EndTime "10:28:41 PDT"]
[Termination "Kretov_Evgenij won by resignation"]

1. c4 Nf6 2. Nc3 c5 3. Nf3 e6 4. g3 b6 5. Bg2 Bb7 6. O-O Be7 7. Re1 d6 8. e4 a6 9. d4 cxd4 10. Nxd4 Qc7 11. Be3 Nbd7 12. Rc1 Rc8 13. f4 Nc5 14. Qc2 O-O 15. h3 Rfd8 16. b3 Qb8 17. Kh2 g6 18.
Rcd1 e5 19. fxe5 dxe5 20. Nde2 b5 21. Rxd8+ Rxd8 22. Nd5 Nxd5 23. exd5 bxc4 24. bxc4 Qc7 25. Nc3 Bc8 26. Qe2 Bf5 27. Bxc5 Bxc5 28. Ne4 Bxe4 29. Qxe4 Bd4 30. Qd3 Rb8 31. Rb1 Rxb1 32. Qxb1 Kg7 33. Qb3 h5 34. Bf1 Bc5 35. Kg2 Qd6 36. a4 Qf6 37. Qf3 e4 38. Qe2 Qd4 39. h4 f5 40.
Kh3 Kf7 41. Qc2 Qg1 42. Bg2 Qf2 43. Qb3 Bd6 44. c5 Qxc5 45. Qb7+ Qc7 46. Qxa6 Bxg3 47. Qe6+ Kg7 48. Qc6 Qxc6 49. dxc6 Bc7 50. Bf1 Kf6 51.
Bc4 g5 52. hxg5+ Kxg5 53. Bf7 f4 54. Bd5 Kf5 55. Bf7 f3 56. Bxh5 Kf4 57. Kh2 e3 0-1

[Event "*** Titled Tuesday Blitz"]
[Site "Chess.com"]
[Date "2021.04.27"]
[Round "3"]
[White "northridgehawk"]
[Black "elcandado"]
[Result "1-0"]
[WhiteElo "2331"]
[BlackElo "2632"]
[TimeControl "180+1"]
[EndTime "10:28:42 PDT"]
[Termination "northridgehawk won by checkmate"]

1. e4 e5 2. Nf3 Nc6 3. g3 Bc5 4. Bg2 d6 5. O-O Nf6 6. d3 h6 7. c3 a6 8. a4 Ba7 9. Nbd2 O-O 10. b4 Ne7 11. Bb2 Ng6 12. d4 Qe7 13. Re1 Nh7 14.
Nc4 Ng5 15. Nxg5 hxg5 16. Ne3 c6 17. Qh5 Qf6 18. b5 Bd7 19. Rad1 Rfd8 20. Rd2 cxb5 21.
Nd5 Qe6 22. Nc7 Qf6 23. Nxa8 Rxa8 24. dxe5 Nxe5 25. Qd1 Bc5 26. h3 bxa4 27. c4 Bc6 28. Bc3 b5 29. cxb5 axb5 30. Kh1 b4 31. Ba1 b3 32.
Rf1 Qe6 33. f4 gxf4 34. gxf4 Nc4 35. f5 Qh6 36. Re2 Ne3 37. Rxe3 Qxe3 38. Rf3 Qh6 39. Rg3 Rb8 40. Bxg7 Qxg7 41. Rxg7+ Kxg7 42. Qg4+ Kf8 43. f6 d5 44. Qg7+ Ke8 45. exd5 b2 46. dxc6 b1=Q+ 47. Kh2 Qg6 48. Qh8+ Bf8 49. c7 Qb1 50. Bc6# 1-0

[Event "*** Titled Tuesday Blitz"]
[Site "Chess.com"]
[Date "2021.04.27"]
[Round "3"]
[White "Cambek64"]
[Black "malakismayil"]
[Result "1-0"]
[WhiteElo "2489"]
[BlackElo "2266"]
[TimeControl "180+1"]
[EndTime "10:28:42 PDT"]
[Termination "Cambek64 won on time"]

1. e4 e5 2. Nf3 Nc6 3. Bb5 Bc5 4. O-O d6 5. d3 Nf6 6. Be3 Bb6 7. a4 Bd7 8. Bxc6 Bxc6 9. a5 Bxe3 10. fxe3 Qe7 11. Qe1 a6 12. c4 h6 13. Nh4 Bd7 14. Nc3 Be6 15. h3 Nd7 16. Nf5 Bxf5 17. Nd5 Qd8 18.
Rxf5 c6 19. Nc3 Qe7 20. Qg3 g6 21. Rf3 O-O-O 22. Qf2 Rdf8 23. Rf1 f6 24. b4 d5 25. b5 Qb4 26. bxc6 bxc6 27. Qc2 d4 28. Na4 Qxa5 29. exd4 exd4 30. Qb3 Kc7 31. c5 Rb8 32. Qc2 Qb4 33. Nb6 Qxc5 34. Qxc5 Nxc5 35. Nc4 Nd7 36. Ra1 Ra8 37. Ra5 Rhb8 38. e5 fxe5 39. Rf7 Rf8 40. Rg7 Rg8 41. Rxg8 Rxg8 42. Rxa6 Ra8 43. Rxa8 1-0

[Event "*** Titled Tuesday Blitz"]
[Site "Chess.com"]
[Date "2021.04.27"]
[Round "3"]
[White "A-S-00"]
[Black "szefru"]
[Result "0-1"]
[WhiteElo "2316"]
[BlackElo "2168"]
[TimeControl "180+1"]
[EndTime "10:28:42 PDT"]
[Termination "szefru won on time"]

1. e4 e5 2. Nf3 Nc6 3. Bb5 a6 4. Ba4 Nf6 5. O-O Be7 6. c3 b5 7. Bb3 O-O 8. Re1 d5 9. exd5 Nxd5 10. d4 exd4 11. cxd4 Bg4 12. h3 Bh5 13. Nc3 Nb6 14. d5 Na5 15. Bc2 Bf6 16. g4 Bg6 17. Bf4 Bxc3 18.
bxc3 Nxd5 19. Be5 c6 20. Bxg6 hxg6 21. Qd4 f6 22. Bg3 Nc4 23. Nh4 g5 24. Nf5 Re8 25. Qc5 Qd7 26. Nd4 Nd2 27. Kg2 Rxe1 28. Rxe1 Re8 29.
Rxe8+ Qxe8 30. Qxc6 Qe4+ 31. Kg1 Qe1+ 32. Kh2 Nf4 33.
Qc8+ Kh7 34. Bxf4 gxf4 35. Qf5+ Kg8 36. Qc8+ Kf7 37. Qd7+ Qe7 38. Qxe7+ Kxe7 39. Kg2 f3+ 40. Kg3 Ne4+ 0-1

[Event "*** Titled Tuesday Blitz"]
[Site "Chess.com"]
[Date "2021.04.27"]
[Round "3"]
[White "vanyakuba"]
[Black "MARVELandDCforLIFE"]
[Result "0-1"]
[WhiteElo "2384"]
[BlackElo "2234"]
[TimeControl "180+1"]
[EndTime "10:28:43 PDT"]
[Termination "MARVELandDCforLIFE won on time"]

1. e4 c5 2. c3 Nf6 3. e5 Nd5 4. d4 cxd4 5. cxd4 e6 6. Nf3 Nc6 7. Bd3 d6 8. O-O Qc7 9. Re1 dxe5 10. dxe5 b6 11. a3 Bb7 12. Qe2 Be7 13. b4 O-O-O 14. Ba6 Kb8 15. Bxb7 Qxb7 16. Qe4 a6 17. Nbd2 Rd7 18.
Nc4 h6 19. Bb2 Rhd8 20. Nd6 Bxd6 21. exd6 Rxd6 22. Rac1 Ka7 23. Ne5 Nxe5 24. Bxe5 R6d7 25. Qf3 Nf6 26. Qg3 Ne4 27. Qf4 f6 28. Ba1 Ng5 29.
h4 e5 30. Qc4 Nf7 31. a4 Nd6 32. Qb3 Nf5 33. b5 Nxh4 34. Qh3 Ng6 35. bxa6 Qxa6 36.
Bc3 Nf4 37. Qg4 Nd3 38. a5 Nxe1 39. axb6+ Qxb6 40. Ra1+ Kb8 41. Rxe1 Qc5 42. Rb1+ Kc8 43. Rc1 Kb8 44. Rb1+ Kc8 45. Rc1 Kb8 46. Bd2 Qb6 47. Be3 Qb7 0-1

[Event "*** Titled Tuesday Blitz"]
[Site "Chess.com"]
[Date "2021.04.27"]
[Round "3"]
[White "Das_Virus_2020"]
[Black "OK97"]
[Result "0-1"]
[WhiteElo "2518"]
[BlackElo "2746"]
[TimeControl "180+1"]
[EndTime "10:28:44 PDT"]
[Termination "OK97 won on time"]

1. e4 g6 2. d4 Bg7 3. Nc3 c6 4. Nf3 d5 5. Bf4 Bg4 6. exd5 cxd5 7. Nb5 Na6 8. c3 Nf6 9. h3 Bxf3 10. Qxf3 O-O 11.
Bd3 Qd7 12. O-O Ne4 13. a4 f5 14. Qe2 e6 15. f3 Nf6 16. Rfe1 Rfe8 17. g4 Bf8 18.
Be5 Qf7 19. Kg2 Nd7 20. Nd6 Bxd6 21. Bxd6 Nab8 22. Qe3 Nc6 23. Qh6 Nf6 24. Qh4 Rad8 25. Bf4 Nd7 26. Bg5 Rc8 27. Rg1 f4 28. Qh6 e5 29.
dxe5 Ndxe5 30. Bb5 Rf8 31. Rge1 a6 32. Bxc6 Nxc6 33.
Rad1 d4 34. cxd4 Rce8 35. d5 Ne5 36. Re4 Nxf3 37. Kxf3 Rxe4 38. Kxe4 Qe8+ 39. Kf3 Qe3+ 40. Kg2 Qe2+ 41. Kh1 Qxd1+ 42. Kh2 Qe2+ 43. Kh1 Qf1+ 44. Kh2 Qf2+ 45. Kh1 f3 0-1

[Event "*** Titled Tuesday Blitz"]
[Site "Chess.com"]
[Date "2021.04.27"]
[Round "3"]
[White "ChadBiryani"]
[Black "TengisChess"]
[Result "0-1"]
[WhiteElo "2295"]
[BlackElo "2558"]
[TimeControl "180+1"]
[EndTime "10:28:44 PDT"]
[Termination "TengisChess won on time"]

1. d4 d6 2. Bg5 c6 3. Nf3 Bg4 4. Nc3 Qb6 5. Rb1 Nf6 6. e3 Qa5 7. Bxf6 exf6 8. Be2 d5 9. a3 Bxa3 10. Ra1 Bxb2 11. Rxa5 Bxc3+ 12. Kf1 Bxa5 13. h3 Be6 14. g4 O-O 15. Qd3 b5 16. Kg2 Nd7 17. Nd2 Bxd2 18. Qxd2 a5 19. Ra1 a4 20. Qb4 Rfc8 21. Bd3 Nb6 22. f4 Bd7 23. Ra2 Nc4 24. Kf3 g6 25. c3 Re8 26. Bxc4 dxc4 27. Qd6 Rad8 28. Qxf6 Be6 29. e4 Rd6 30. Qe5 Bxg4+ 31. hxg4 Rxe5 32. fxe5 Rd8 33. Ke3 g5 34. Ra1 h6 35. Rh1 Kg7 36.
Ra1 c5 37. dxc5 Kf8 38. Rb1 Rd3+ 39. Ke2 Rxc3 40. Rxb5 Ke7 41. Rb6 Rb3 42. Rxh6 Rb5 43. Ra6 Rxc5 44. Ke3 c3 45. Kd4 c2 46. Kxc5 c1=Q+ 47. Kd5 Qd1+ 48. Kc5 Qc2+ 49. Kb4 Qb3+ 50. Ka5 a3 51. Ra7+ Ke6 52. Ra6+ Kxe5 53. Ra7 a2 54. Re7+ Kd6 0-1

[Event "*** Titled Tuesday Blitz"]
[Site "Chess.com"]
[Date "2021.04.27"]
[Round "3"]
[White "gxbg2000"]
[Black "Jenia84"]
[Result "1/2-1/2"]
[WhiteElo "1962"]
[BlackElo "2344"]
[TimeControl "180+1"]
[EndTime "10:28:44 PDT"]
[Termination "Game drawn by repetition"]

1. e4 e5 2. Nf3 Nc6 3. Bc4 Bc5 4. c3 Nf6 5. d3 O-O 6. h3 d5 7. exd5 Nxd5 8. O-O Bf5 9. Nbd2 Nb6 10. Qe2 Nxc4 11.
dxc4 Bd3 12. Qe1 e4 13. Nxe4 Re8 14. Nfd2 f5 15. Nxc5 Rxe1 16. Rxe1 b6 17. Ne6 Qd6 18.
c5 bxc5 19. Nb3 c4 20. Nbc5 Re8 21. g3 Ne5 22. Bf4 Nf3+ 23. Kg2 Nxe1+ 24. Rxe1 Qd5+ 25.
f3 Qc6 26. Bxc7 Qb5 27. b4 cxb3 28. axb3 Bc2 29. b4 Qc4 30. Be5 Rxe6 31. Nxe6 Qxe6 32. Kf2 Qa2 33. Re2 Bb3 34. Rxa2 Bxa2 35. Ke3 Bc4 36. Kf4 g6 37. g4 Kf7 38. g5 Ke6 39. h4 a6 40. Bd4 Bb5 41. Ke3 Kd5 42. f4 Bc4 43.
Kd2 Bb5 44. Ke3 Kc4 45. Bg7 Bc6 46. Bf6 Be4 47. Bg7 Kb3 48. Kd4 Bc6 49. Kc5 Bb5 50. Kb6 Kc4 51. Bf6 Kd5 52. Be5 Kc4 53. Kc7 Kd5 54. Kb6 Kc4 55. Bf6 Kd5 56. Be5 1/2-1/2

[Event "*** Titled Tuesday Blitz"]
[Site "Chess.com"]
[Date "2021.04.27"]
[Round "3"]
[White "rpragchess"]
[Black "Dave_ChessMate"]
[Result "1-0"]
[WhiteElo "2890"]
[BlackElo "2471"]
[TimeControl "180+1"]
[EndTime "10:28:45 PDT"]
[Termination "rpragchess won on time"]

1. e4 c5 2. Nc3 Nc6 3. Nf3 Nf6 4. d4 cxd4 5. Nxd4 e6 6. Ndb5 Bc5 7. Bf4 O-O 8. Bc7 Qe7 9. Bd6 Bxd6 10. Qxd6 Qd8 11. Qc7 d5 12. Qxd8 Rxd8 13. exd5 exd5 14.
O-O-O d4 15. Nb1 Ne4 16. Rg1 Nxf2 17. Re1 Bf5 18. g4 Bg6 19. h4 h6 20. Bg2 Nb4 21. Re2 d3 22. cxd3 Nfxd3+ 23. Kd1 Nf4+ 24. Rd2 Bxb1 25. Na3 Nxg2 26. Rxg2 Bxa2 27. Ke1 Be6 28. g5 hxg5 29.
hxg5 g6 30. Nb5 Nd3+ 31. Kd1 Nf4 32. Rh2 Bg4+ 33. Ke1 Re8+ 34. Kf2 Ne6 35. Kg3 Bh5 36.
Kh4 Rad8 37. Nd6 Re7 38. Ne4 Nd4 39. Nf6+ Kg7 40. Kg3 Nf5+ 41. Kf4 Rxd2 42. Rxd2 Ne3 43. Rd8 Ng2+ 44. Kg3 1-0

[Event "*** Titled Tuesday Blitz"]
[Site "Chess.com"]
[Date "2021.04.27"]
[Round "3"]
[White "German_Bazeev"]
[Black "onnoelgersma"]
[Result "1-0"]
[WhiteElo "2789"]
[BlackElo "2457"]
[TimeControl "180+1"]
[EndTime "10:28:45 PDT"]
[Termination "German_Bazeev won by resignation"]

1. e4 c5 2. Nf3 e6 3. Nc3 a6 4. g3 Nc6 5. Bg2 Nf6 6. O-O Be7 7. d3 d5 8. exd5 exd5 9. Bg5 O-O 10. Nd2 Be6 11.
a4 Rc8 12. Nb3 d4 13. Bxf6 Bxf6 14. Ne4 Bxb3 15. cxb3 Nb4 16. a5 Be7 17. Nd2 Nxd3 18. Nc4 Nb4 19. Bxb7 Rb8 20. Bg2 Qc7 21. Qf3 Bf6 22.
Rad1 Rfe8 23. h4 Qe7 24. h5 h6 25. Qf5 Rbc8 26. Kh2 Qe6 27. Bh3 Qxf5 28. Bxf5 Rb8 29. Rfe1 Kf8 30. f4 Rxe1 31. Rxe1 Re8 32. Rxe8+ Kxe8 33. Kg2 Be7 34. Kf3 Kd8 35. Ke4 Kc7 36. Bh7 Bf6 37. Bg8 Kc6 38. Bxf7 Kc7 39. g4 Be7 40. Bg6 Bf6 41. Kf3 d3 42. Ke3 Bd4+ 43. Kd2 Bf2 44. Bxd3 Bg3 45. Ke3 Bxf4+ 46. Kxf4 Nxd3+ 47. Kf5 Nf2 48. Ne3 Kc6 49. Kg6 Nd3 50. Kxg7 Ne5 51. Kxh6 c4 52.
bxc4 1-0

[Event "*** Titled Tuesday Blitz"]
[Site "Chess.com"]
[Date "2021.04.27"]
[Round "3"]
[White "kirillshevchenko"]
[Black "Leo_C"]
[Result "1-0"]
[WhiteElo "2842"]
[BlackElo "2463"]
[TimeControl "180+1"]
[EndTime "10:28:46 PDT"]
[Termination "kirillshevchenko won on time"]

1. Nf3 d5 2. g3 Nd7 3. Bg2 Nb6 4. b3 Bf5 5. Bb2 e6 6. O-O Nf6 7. d3 a5 8. a3 h6 9. Nbd2 Be7 10. c4 O-O 11. Rc1 c6 12. Re1 Bh7 13. Rc2 a4 14. b4 dxc4 15. Nxc4 Nxc4 16. Rxc4 Nd5 17. Qa1 Bf6 18.
e4 Bxb2 19. Qxb2 Nb6 20. Rc3 Qc7 21. Rec1 Rac8 22. b5 c5 23. Nd2 Qd6 24. Qc2 Bg6 25. Nc4 Nxc4 26. Rxc4 b6 27. Rxa4 Rfd8 28. Bf1 f5 29.
Ra7 Qd4 30. Qa2 Re8 31. Rc4 Qd6 32. Qe2 fxe4 33. dxe4 e5 34. Bh3 Ra8 35. Rca4 Rxa7 36. Rxa7 Qd4 37. Bf5 Bxf5 38. exf5 e4 39. Qa2+ c4 40.
Rc7 e3 41. Rxc4 exf2+ 42. Kg2 Qd5+ 43. Kxf2 Rd8 44. Qc2 Kh7 45. f6+ g6 46. Rc7+ 1-0